 Dungeon Crawl Stone Soup version 0.30-a0-772-g5528072125 (webtiles) character file.

Game seed: 1618482530562923812

14 holysushi the Cutter (level 2, -2/16 HPs)
             Began as a Vine Stalker Monk on Feb 12, 2023.
             Succumbed to a kobold's poison
             ... on level 1 of the Dungeon.
             The game lasted 00:00:42 (502 turns).

holysushi the Cutter (Vine Stalker Monk)             Turns: 502, Time: 00:00:43

Health: -2/16      AC:  2    Str: 13    XL:     2   Next: 41%
Magic:  1/3        EV: 12    Int: 10    God:
Gold:   16         SH:  0    Dex: 16    Spells: 1/1 levels left

rFire   . . .      SeeInvis .    a - +0 short sword
rCold   . . .      Faith    .    (no shield)
rNeg    . . .      Spirit   +    b - +0 robe
rPois   .          Reflect  .    (no helmet)
rElec   .          Harm     .    (no cloak)
rCorr   .          Rampage  .    (no gloves)
Will    .....                    (no boots)
Stlth   ++                       (no amulet)
HPRegen 0.22/turn                (no ring)
MPRegen 0.08/turn                (no ring)

@: lethally poisoned (-2 -> -25), attractive
A: fangs 2, magic shield, antimagic bite, no potion heal 2
a: no special abilities


You were on level 1 of the Dungeon.
You visited 1 branch of the dungeon, and saw 1 of its levels.

You collected 16 gold pieces.

Inventory:

Hand Weapons
 a - a +0 short sword (weapon)
Armour
 b - a +0 robe (worn)
Scrolls
 d - a scroll of silence {unknown}
Potions
 c - a potion of ambrosia


   Skills:
 - Level 2.6 Fighting
 + Level 3.4 Short Blades
 - Level 2.4 Dodging
 - Level 2.4 Stealth


You had one spell level left.
You didn't know any spells.
Your spell library was empty.

Dungeon Overview and Level Annotations

Branches:
Dungeon (1/15) Zot: 5504

Altars:


Innate Abilities, Weirdness & Mutations

You have extremely sharp teeth.
When hurt, damage is shared between your health and your magic reserves.
Your bite disrupts and absorbs the magic of your enemies.
Potions cannot restore your health.


Message History

You see here a ball python corpse.
A rat comes into view.
A kobold comes into view. It is wielding a +2 dagger of venom.
The kobold shouts!
The rat bites you but does no damage.
You hit the kobold.
You kill the kobold!
The rat completely misses you.
You hit the rat but do no damage. The rat closely misses you.
You hit the rat. You bite the rat.
You kill the rat!
You completely miss the kobold. The kobold closely misses you.
A hobgoblin comes into view.
The kobold hits you with a +2 dagger of venom.
You are lethally poisoned!
You see here a rat corpse.
You closely miss the kobold.
You feel very sick. The kobold barely misses you.
You hit the kobold but do no damage.
You feel sick.
The kobold hits you with a +2 dagger of venom.
You are more poisoned.
Found 11 gold pieces and a scroll labelled WUSUOL KUEKUCSU.
* * * LOW HITPOINT WARNING * * *
You feel very sick.
The kobold hits you with a +2 dagger of venom.
* * * LOW HITPOINT WARNING * * *
You are more poisoned.
You are too injured to fight recklessly!
Press: ? - help, v - describe, . - travel, g - get item
Here: a kobold, wielding a +2 dagger of venom Item here: a +0 dagger.
The floor.
Unknown command.
You aren't carrying any items that you can evoke.
Unknown command.
Okay, then.
It was a potion of attraction.
You feel attractive to monsters.
You die...

##..............!........$
.......##.......†.......
####.###..........
..................
###.............. .
##.............$
...#.....#.........
.......K†..###...)##
....g...@...# ##...
...................
............####
............#
.##.........# #........##
#.......... .?...$.....#


You could see a hobgoblin and a kobold.

Vanquished Creatures
  A ball python (D:1)
  2 endoplasms (D:1)
  A hobgoblin (D:1)
  3 jackals (D:1)
  2 goblins (D:1)
  2 kobolds (D:1)
  A rat (D:1)
12 creatures vanquished.

Notes
Turn   | Place    | Note
-------+----------+-------------------------------------------
     0 | D:1      | holysushi the Vine Stalker Monk began the quest for the
                  | Orb.
     0 | D:1      | Reached XP level 1. HP: 11/11 MP: 2/2
   331 | D:1      | Reached skill level 3 in Short Blades
   379 | D:1      | Reached XP level 2. HP: 12/16 MP: 3/3
   502 | D:1      | Succumbed to a kobold's poison

Illustrated notes

Levels and vault maps discovered:
D:1:      heliophobic_arrival_battle_scene, layout_rooms, minmay_split_cup_small

Skill      XL: |  1 |
---------------+----+-----
Short Blades   | 3 |  3.4
Fighting       | |  2.6
Dodging        | |  2.4
Stealth        | |  2.4

Action                     || total
---------------------------++-------
  Melee: Short sword       ||    41
         Bite              ||     7
         Punch             ||     1
    Use: Potion            ||     1
   Stab: Distracted        ||     1
 Armour: Robe              ||     3
  Dodge: Dodged            ||    25

Table legend: (Time is in decaauts)
 A = Elapsed time spent in this place.
 B = Non-inter-level travel time spent in this place.
 C = Inter-level travel time spent in this place.
 D = Time resting spent in this place.
 E = Time spent auto-exploring this place.
 F = Levels seen in this place.
 G = Mean time per level.
                   A        B        C        D        E       F      G
               +--------+--------+--------+--------+--------+-----+--------+
         Total |    495 |    495 |      0 |    250 |     97 |   1 |  495.0 |
       Dungeon |    495 |    495 |      0 |    250 |     97 |   1 |  495.0 |
               +--------+--------+--------+--------+--------+-----+--------+

Top non-repeatable levels by time:
     D:1: 495 daAuts
